 Dungeon Crawl Stone Soup version 0.29-a0-542-g075992c915 (webtiles) character file.

Game seed: 1269449012646724066

5517 sammy202020 the Fighter (level 10, -2/83 HPs)
             Began as a Demonspawn Berserker on June 4, 2022.
             Was an Elder of Trog.
             Killed from afar by Lodul (12 damage)
             ... with a bolt of lightning
             ... on level 10 of the Dungeon.
             The game lasted 00:17:50 (9904 turns).

sammy202020 the Fighter (Demonspawn Berserker)      Turns: 9904, Time: 00:17:51

Health: -2/83      AC: 17    Str: 20    XL:     10   Next: 43%
Magic:  0/10       EV:  8    Int: 17    God:    Trog [****..]
Gold:   573        SH: 14    Dex: 16    Spells: 9/9 levels left

rFire   x . .      SeeInvis +   G - +4 hand axe (vamp)
rCold   + + .      Faith    .   E - +0 tower shield
rNeg    . . .      Spirit   +   F - +0 ice dragon scales
rPois   +          Reflect  .   C - +2 helmet {SInv}
rElec   .          Harm     .   k - +0 cloak
rCorr   .          Rampage  .   o - +0 pair of gloves
Will    .....                   (no boots)
Stlth   ++........              q - amulet of guardian spirit
HPRegen 0.23/turn               w - +6 ring of intelligence
MPRegen 0.12/turn               y - ring of poison resistance

@: no status effects
A: hooves 2, thin skeletal structure 2, demonic guardian 1, foul stench 1
a: Renounce Religion, Berserk, Trog's Hand, Brothers in Arms


You were on level 10 of the Dungeon.
You worshipped Trog.
Trog was greatly pleased with you.
You visited 1 branch of the dungeon, and saw 10 of its levels.

You collected 573 gold pieces.

Inventory:

Hand Weapons
 B - a +2 hunting sling of freezing
 G - a +4 vampiric hand axe (weapon)
 I - a +4 flail
Armour
 g - a +0 hat
 k - a +0 cloak (worn)
 o - a +0 pair of gloves (worn)
 C - a +2 helmet of see invisible (worn)
 E - a +0 tower shield (worn)
 F - +0 ice dragon scales (worn)
Jewellery
 d - an amulet of faith
 q - an amulet of guardian spirit (around neck)
 w - a +6 ring of intelligence (left hand)
 y - a ring of poison resistance (right hand)
Wands
 a - a wand of iceblast (6)
 n - a wand of charming (7)
 s - a wand of flame (16)
 t - a wand of polymorph (18)
 H - a wand of paralysis (15)
 K - a wand of digging (2)
Scrolls
 b - 4 scrolls of teleportation
 h - 4 scrolls of noise
 j - 2 scrolls of immolation
 u - 3 scrolls of fear
 v - a scroll of blinking
 L - a scroll of silence
 M - a scroll of enchant armour
Potions
 c - 2 potions of cancellation {unknown}
 e - 3 potions of haste
 f - 2 potions of heal wounds {unknown}
 i - 2 potions of ambrosia
 l - 2 potions of might {unknown}
 m - a potion of attraction {unknown}
 p - a potion of invisibility {unknown}
 r - 5 potions of brilliance
 x - 3 potions of degeneration {unknown}
 z - a potion of berserk rage {unknown}
 A - 4 potions of lignification {unknown}
 D - 8 potions of curing
 J - 2 potions of magic {unknown}


   Skills:
 * Level 9.1 Fighting
 * Level 8.3 Axes
 + Level 5.7 Armour
 + Level 5.7 Dodging
 + Level 4.5 Shields


You had 9 spell levels left.
You didn't know any spells.
Your spell library was empty.

Dungeon Overview and Level Annotations

Branches:
Dungeon (10/15)            Temple (0/1) D:6            Lair (0/6) D:10
    Orc: D:9-12

Altars:
Dithmenos
Fedhas
Okawaru
Qazlal
Uskayaw

Shops:
D:2 ?   D:10 *

Annotations:
D:10 exclusion: oklob plant, Lodul


Innate Abilities, Weirdness & Mutations

You have hoof-like feet.
You have a moderately thin skeletal structure. (Dex +4, Stealth++)
A weak demonic guardian rushes to your aid.
You may rarely emit foul miasma when damaged in melee.


Message History

Lodul shouts!
The ogre shouts! x2
An ogre comes into view. It is wielding a +0 giant club.
An ogre comes into view. It is wielding a +0 giant spiked club.
An ogre comes into view. It is wielding a +0 giant club.
The ogre shouts!
Found a shadowy altar of Dithmenos.
You block the ogre's attack.
The ogre shouts! x2
You hit the ogre. You kick the ogre.
The ogre is lightly wounded.
You hit the ogre. x3
The ogre hits you with a +0 giant spiked club!!
The ogre barely misses you. The ogre closely misses you.
You hit the ogre.
You feel better.
You kick the ogre!
The ogre is heavily wounded.
You hit the ogre.
You feel better.
You hit the ogre.
You feel better.
You hit the ogre. You block the ogre's attack. x2
The ogre hits you with a +0 giant spiked club!!
Lodul hits you with a +0 dire flail!! The ogre barely misses you.
You block the ogre's attack. The ogre attacks as you move away!
The ogre hits you with a +0 giant spiked club!
* * * LOW HITPOINT WARNING * * *
You emit a cloud of foul miasma!
You block the ogre's attack.
The ogre hits you with a +0 giant spiked club!
* * * LOW HITPOINT WARNING * * *
A demonic guardian appears!
The ogre is engulfed in dark miasma.
The ogre is poisoned.
The ogre seems to slow down.
The ogre hits you but does no damage.
Unknown command.
The ogre attacks as you move away! You block the ogre's attack.
The ogre attacks as you move away! You block the ogre's attack.
The ogre hits your iron imp with a +0 giant spiked club!
Your iron imp dies!
Your iron imp disappears in a puff of smoke!
Unknown command.
The ogre attacks as you move away! You block the ogre's attack.
The ogre attacks as you move away! You block the ogre's attack.
Electricity crackles from Lodul's apparatus.
The bolt of lightning hits you!
You die...

.#........ .........#........#...
##..................#........#...
....................#........#...
....................#........))).
..#######....................#...
.#...≈...#.......#...#.......#...
...#...#..........#.#..##'####...
..##PP.##....##+...∩...#.... ####
#...PPP.. #.....@.#.#..#......
#≈..P>PP.≈#......#...#.+........
#...PPPP..#....OO...............
..##..P##....OOO#..[...#........
...#...#.......O#......###+####.
.#...≈...#.....O##......#
..#######.....OO?#......# ..#
.............#..#...#
.##..............#..#...


You could see Lodul and 8 ogres.

Vanquished Creatures
  Maggie (D:10)
  A troll (D:9)
  A hornet (D:10)
  Grinder (D:3)
  A centaur simulacrum (D:9)
  3 yaks (D:9)
  A wyvern (D:7)
  2 water moccasins (D:7)
  An orc warrior (D:8)
  A sky beast (D:8)
  An ice beast (D:6)
  A centaur (D:9)
  2 kobold brigands
  An elf zombie (D:8)
  A bullfrog (D:6)
  A gnoll sergeant (D:8)
  2 necrophages
  A scorpion (D:5)
  4 elf skeletons (D:8)
  17 wights
  7 killer bees
  A howler monkey (D:6)
  6 hounds
  A jelly (D:6)
  5 orc priests
  A gnoll shaman (D:8)
  Jessica (D:3)
  4 human skeletons (D:8)
  5 orc wizards
  3 iguanas
  Robin (D:2)
  17 gnolls
  10 adders
  A shadow imp (D:7)
  A white imp (D:8)
  An ufetubus (D:5)
  2 worms
  3 dart slugs
  29 orcs
  5 endoplasms
  A giant cockroach (D:4)
  20 goblins
  5 hobgoblins
  9 jackals
  2 quokkas
  4 ball pythons
  6 bats
  4 frilled lizards
  21 kobolds
  2 orc zombies (D:8)
  5 rats
  A spectral kobold (D:1)
228 creatures vanquished.

Vanquished Creatures (collateral kills)
  A wraith (D:9)
  A kobold brigand (D:10)
  A gnoll (D:8)
3 creatures vanquished.

Vanquished Creatures (others)
  A kobold (D:10)
1 creature vanquished.

Grand Total: 232 creatures vanquished

Notes
Turn   | Place    | Note
-------+----------+-------------------------------------------
     0 | D:1      | sammy202020 the Demonspawn Berserker began the quest for
                  | the Orb.
     0 | D:1      | Reached XP level 1. HP: 18/18 MP: 1/1
   182 | D:1      | Gained mutation: You have large cloven feet. [demonic
                  | ancestry]
   182 | D:1      | Reached XP level 2. HP: 24/24 MP: 2/2
   649 | D:1      | Found a faded altar of an unknown god.
   720 | D:2      | Reached XP level 3. HP: 16/27 MP: 3/3
   865 | D:2      | Found Gyewep's Magic Scroll Shoppe.
  1278 | D:2      | Gained mutation: You may rarely emit foul miasma when
                  | damaged in melee. [demonic ancestry]
  1278 | D:2      | Reached XP level 4. HP: 37/37 MP: 4/4
  1286 | D:2      | Reached ** piety under Trog
  1603 | D:2      | Noticed Robin
  1608 | D:2      | You fall into a shaft and drop 1 floor!
  1723 | D:3      | Reached skill level 4 in Fighting
  1730 | D:3      | Found a stormy altar of Qazlal.
  1876 | D:3      | Noticed Jessica
  1881 | D:3      | Killed Jessica
  1882 | D:3      | Gained mutation: You have hoof-like feet. [demonic
                  | ancestry]
  1882 | D:3      | Reached XP level 5. HP: 41/42 MP: 5/5
  1932 | D:3      | Noticed Grinder
  1949 | D:3      | Killed Grinder
  1950 | D:3      | Reached XP level 6. HP: 8/50 MP: 6/6
  2358 | D:2      | Killed Robin
  2890 | D:3      | Identified the +5 hunting sling "Etaita Laol" {vorpal,
                  | Contam *Slow rPois rCorr}
  3205 | D:3      | Reached skill level 5 in Fighting
  4167 | D:5      | Entered Level 5 of the Dungeon
  4260 | D:5      | Gained mutation: A weak demonic guardian rushes to your
                  | aid. [demonic ancestry]
  4260 | D:5      | Reached XP level 7. HP: 53/56 MP: 5/7
  4312 | D:5      | Reached *** piety under Trog
  4636 | D:5      | Reached skill level 5 in Axes
  4639 | D:5      | Reached skill level 1 in Shields
  5372 | D:5      | Identified the +7 dagger of Xom's Scorn {vorpal, rC+ Int+3}
  5618 | D:6      | Reached skill level 6 in Fighting
  5618 | D:6      | Gained mutation: You have a somewhat thin skeletal
                  | structure. (Dex +2, Stealth+) [demonic ancestry]
  5618 | D:6      | Reached XP level 8. HP: 55/64 MP: 5/8
  5924 | D:6      | Found a staircase to the Ecumenical Temple.
  6196 | D:6      | Found a blossoming altar of Fedhas.
  6766 | D:7      | Found an iron altar of Okawaru.
  7037 | D:7      | Reached skill level 7 in Fighting
  7051 | D:7      | Gained mutation: You have a moderately thin skeletal
                  | structure. (Dex +4, Stealth++) [demonic ancestry]
  7051 | D:7      | Reached XP level 9. HP: 70/72 MP: 7/9
  7420 | D:8      | Reached **** piety under Trog
  7637 | D:8      | Reached skill level 5 in Dodging
  8039 | D:8      | Reached skill level 5 in Armour
  8047 | D:8      | Reached skill level 8 in Fighting
  8675 | D:9      | Found a hide-covered altar of Uskayaw.
  8823 | D:9      | Noticed a troll
  8841 | D:9      | Killed a troll
  8845 | D:9      | Reached XP level 10. HP: 59/82 MP: 2/10
  9645 | D:10     | Entered Level 10 of the Dungeon
  9649 | D:10     | Noticed an oklob plant
  9651 | D:10     | Found a staircase to the Lair.
  9777 | D:10     | Noticed Maggie
  9787 | D:10     | Reached skill level 9 in Fighting
  9788 | D:10     | Killed Maggie
  9875 | D:10     | Found Niresteb's General Store.
  9891 | D:10     | Noticed Lodul
  9893 | D:10     | Found a shadowy altar of Dithmenos.
  9904 | D:10     | Killed from afar by Lodul

Illustrated notes

Levels and vault maps discovered:
D:1:      ncdulo_lavacross, layout_basic,
          dreamdust_ecumenical_altar_drowned_temple, minmay_pentomino_p2
D:2:      layout_basic, serial_shops, shop_scrolls, minmay_vboxes, uniq_robin
D:3:      layout_basic, mainiacjoe_overflow_catwalk, uniq_grinder, uniq_jessica
D:4:      layout_cave_pods
D:5:      dreamdust_elfheim, layout_basic, portal_sewer_entry_d
D:6:      layout_loops_corners, lemuel_tele_altar, lightli_temple_of_fire,
          minmay_temple_entry_hall, nicolae_lava_and_water
D:7:      layout_loops_ring, okawaru_ov_weapons_minmay, chequers_arboretum,
          chequers_serial_rivers_marsh
D:8:      nicolae_cairo_tiling_very_big, layout_basic,
          nicolae_ossuary_entry_catacombs
D:9:      nicolae_BIG_FREAKIN_CUBE, layout_loops_ring,
          eat_drink_and_be_merry_uskayaw
D:10:     layout_stronghold, mainiacjoe_overflow_tiny_flanked,
          gammafunk_temple_overflow_statue, dpeg_oklobed_lair, serial_shops,
          nicolae_shop_advertising_works [nicolae_subvault_shop_adworks],
          gammafunk_ghost_smash, enter_bailey_6, nicolae_shop_overcharged_wands,
          uniq_maggie, uniq_lodul

Skill      XL: |  1  2  3  4  5  6  7  8  9 10 |
---------------+-------------------------------+-----
Axes           | 3 4 5 6 7 8 |  8.3
Armour         | 2 3 4 5 |  5.7
Dodging        | 2 3 4 5 |  5.7
Fighting       | 4 5 6 7 8 9 |  9.1
Shields        | 1 2 4 |  4.5

Action                   |  1- 3 |  4- 6 |  7- 9 | 10-12 || total
-------------------------+-------+-------+-------+-------++-------
Melee: Hand axe          |    31 |   169 |   408 |    78 ||   686
       Flail             |    32 |    23 |       |       ||    55
       Kick              |    10 |    49 |   121 |    37 ||   217
       Punch             |       |     1 |       |       ||     1
Invok: Berserk           |     1 |     4 |     8 |     2 ||    15
       Trog's Hand       |       |     2 |     2 |       ||     4
  Use: Scroll            |     2 |     7 |    10 |       ||    19
       Potion            |       |       |     1 |       ||     1
 Stab: Sleeping          |       |       |     3 |       ||     3
       Distracted        |       |       |     1 |       ||     1
Armor: Ring mail         |    15 |    94 |       |       ||   109
       Animal skin       |     2 |       |       |       ||     2
       Ice dragon scales |       |    16 |   284 |    26 ||   326
Dodge: Dodged            |    48 |   119 |   140 |    23 ||   330
Block: Tower shield      |       |    15 |   367 |    60 ||   442

Table legend: (Time is in decaauts)
 A = Elapsed time spent in this place.
 B = Non-inter-level travel time spent in this place.
 C = Inter-level travel time spent in this place.
 D = Time resting spent in this place.
 E = Time spent auto-exploring this place.
 F = Levels seen in this place.
 G = Mean time per level.
                   A        B        C        D        E       F      G
               +--------+--------+--------+--------+--------+-----+--------+
         Total |  10283 |  10036 |    247 |    738 |   7013 |  10 | 1028.3 |
       Dungeon |  10283 |  10036 |    247 |    738 |   7013 |  10 | 1028.3 |
               +--------+--------+--------+--------+--------+-----+--------+

Top non-repeatable levels by time:
     D:2: 1634 daAuts
     D:8: 1478 daAuts
     D:5: 1320 daAuts
     D:9: 1039 daAuts
     D:3: 1032 daAuts
     D:7: 1014 daAuts
     D:6: 901 daAuts
     D:4: 855 daAuts
     D:1: 731 daAuts
    D:10: 275 daAuts
